 Dungeon Crawl Stone Soup version 0.30-a0-596-g0af90f9a20 (webtiles) character file.

Game seed: 7550351845508375043

6748 gelatine the Cleaver (level 10, -1/109 HPs)
             Began as a Demonspawn Gladiator on Jan 6, 2023.
             Slain by an ice devil (9 damage)
             ... on level 8 of the Dungeon.
             The game lasted 00:24:24 (8096 turns).

gelatine the Cleaver (Demonspawn Gladiator)         Turns: 8096, Time: 00:24:25

Health: -1/109     AC: 11    Str: 18    XL:     10   Next: 75%
Magic:  0/10       EV: 15    Int:  5    God:
Gold:   527        SH:  0    Dex: 16    Spells: 9/9 levels left

rFire   + . .      SeeInvis .    a - +0 war axe
rCold   . . .      Faith    .    (no shield)
rNeg    . . .      Spirit   +    B - +0 steam dragon scales
rPois   .          Reflect  .    c - +0 helmet
rElec   +          Harm     .    (no cloak)
rCorr   +          Rampage  .    I - +0 pair of gloves
Will    +....                    D - +0 pair of boots of Resourcefulness {rElec rCorr Int-4 Stlth+} Stlth
                                 v - amulet of guardian spirit
HPRegen 0.38/turn                z - ring of protection from cold
MPRegen 0.12/turn                e - ring of willpower

@: berserking, very quick
A: rugged brown scales 2, foul stench 1, powered by death 2, corrupting presence
1, demonic touch 1, fire resistance 1, frail 1, cold vulnerability 1
a: no special abilities


You were on level 8 of the Dungeon.
You visited 1 branch of the dungeon, and saw 9 of its levels.
You also visited: Bailey.

You collected 527 gold pieces.

Inventory:

Hand Weapons
 a - a +0 war axe (weapon)
Missiles
 F - a javelin (quivered)
Armour
 c - a +0 helmet (worn)
 B - +0 steam dragon scales (worn)
 D - the +0 pair of boots of Resourcefulness (worn) {rElec rCorr Int-4 Stlth+}
   (You found it on level 7 of the Dungeon)

   Int:       It affects your intelligence (-4).
   rElec:     It insulates you from electricity.
   rCorr:     It protects you from acid and corrosion.
   Stlth:     It makes you more stealthy.
 I - a +0 pair of gloves (worn)
Jewellery
 e - a ring of willpower (right hand)
 k - a ring of resist corrosion
 v - an amulet of guardian spirit (around neck)
 z - a ring of protection from cold (left hand)
 H - a ring of flight
Wands
 b - a wand of paralysis (4)
 d - a wand of iceblast (2)
Scrolls
 h - 2 scrolls of poison {unknown}
 j - 5 scrolls of teleportation
 l - a scroll of butterflies {unknown}
 m - a scroll of fear {unknown}
 o - a scroll of magic mapping
 p - 3 scrolls of acquirement {unknown}
 q - 3 scrolls of enchant armour
 r - a scroll of torment
 x - 8 scrolls of enchant weapon
 G - a scroll of brand weapon
Potions
 f - 3 potions of curing
 i - a potion of magic {unknown}
 n - 7 potions of haste
 t - 2 potions of brilliance
 u - a potion of flight
 w - 2 potions of might
 C - a potion of cancellation {unknown}
 E - a potion of invisibility {unknown}


   Skills:
 * Level 6.9 Fighting
 * Level 10.1 Axes
 + Level 5.1 Throwing
 * Level 5.3 Armour
 * Level 6.2 Dodging
 + Level 3.0 Stealth
 + Level 1.7 Evocations


You had 9 spell levels left.
You didn't know any spells.
Your spell library contained the following spells:

 Spells                   Type           Power      Damage    Failure   Level
 Kiss of Death            Conj/Necr      0%         2d5       47%         1
 Shock                    Conj/Air       0%         1d3       47%         1
 Slow                     Hex            0%         N/A       47%         1
 Call Canine Familiar     Summ           0%         N/A       85%         3
 Confusing Touch          Hex            0%         N/A       85%         3
 Portal Projectile        Hex/Tloc       0%         N/A       85%         3
 Swiftness                Air            0%         N/A       85%         3
 Vampiric Draining        Necr           0%         2d6       85%         3
 Airstrike                Air            0%         2d(0-16)  99%         4
 Dispel Undead            Necr           0%         3d6       99%         4
 Leda's Liquefaction      Hex/Erth       0%         N/A       99%         4


Dungeon Overview and Level Annotations

Branches:
Dungeon (9/15)             Temple (0/1) D:7          Bailey (visited)
   Lair: D:8-11         Orc: D:9-12

Altars:
Cheibriados
Gozag
Nemelex Xobeh
Okawaru
Uskayaw
Xom
Yredelemnul

Shops:
D:8 (


Innate Abilities, Weirdness & Mutations

You are mostly covered in rugged brown scales. (AC +2, +5% HP)
You may rarely emit foul miasma when damaged in melee.
You regenerate health from kills.
Your presence sometimes corrodes those you injure.
Your touch may inflict minor irresistible damage on your foes.
Your flesh is heat resistant. (rF+)
You are frail. (-10% HP)
You are vulnerable to cold. (rC-)


Message History

The freezing wraith hits you. The freezing wraith freezes you!
* * * LOW HITPOINT WARNING * * *
The freezing wraith hits you.
* * * LOW HITPOINT WARNING * * *
You emit a cloud of foul miasma!
The white imp barely misses you.
A white imp comes into view.
The ice devil attacks as you move away!
The ice devil hits you but does no damage.
The white imp attacks as you move away! The white imp closely misses you.
The white imp attacks as you move away! The white imp barely misses you.
The white imp gestures at you. The puff of frost hits you.
* * * LOW HITPOINT WARNING * * *
A freezing wraith comes into view.
You feel better.
The white imp shouts!
The freezing wraith hits you.
* * * LOW HITPOINT WARNING * * *
The freezing wraith freezes you!
* * * LOW HITPOINT WARNING * * *
The freezing wraith hits you but does no damage.
The white imp hits you but does no damage.
A red film seems to cover your vision as you go berserk!
You feel yourself moving faster!
You feel mighty! The ice devil misses you. The white imp closely misses you.
The freezing wraith closely misses you. The freezing wraith barely misses you.
You slash the ice devil! Your touch misses the ice devil.
The ice devil is severely wounded.
You hit the freezing wraith. You slash the white imp!
You kill the white imp!
The ice devil hits you but does no damage.
You hit the ice devil but do no damage.
You touch the ice devil!
The ice devil is almost dead.
You hit the freezing wraith. You hit the ice devil.
The freezing wraith hits you but does no damage. x2
You slash the ice devil!
You kill the ice devil!
You barely miss the ice devil. You slash the freezing wraith!
The ice devil hits you!
You die...

####.##########*,,,......#
#.........# *,,,,,,,,,*
#.#..#.##.# **,,,,,,,**
#,#..<.##.#### **,,,,,**
*,#.##.......# **,,,**
*,#.*####''''#### **,**
**##*#..........#######
~,,,..........5W.....~#
**,.....#~~#..5.@...#**
~,,.##..~##~~#.4##$..~#
*,,**#.4~*###~.5#**..##
~,,,*#..#~,*#~..#*,,.~#
**,,,...,,*W~#...,,,*##
~,,,,,,,,,........,,,~*
#####*,,........###****
.##.#***#....#### ....#
#####*


You could see an ice devil, 2 freezing wraiths and 3 white imps.

Vanquished Creatures
  2 orc knights (Bailey)
  A manticore (D:8)
  An ice devil (D:8)
  12 yaks (D:8)
  2 steam dragons
  2 water moccasins (D:5)
  7 orc warriors
  2 sky beasts
  3 ice beasts
  5 black bears
  2 ogres (D:4)
  A phantom (D:5)
  3 centaurs
  A kobold brigand (D:7)
  4 bullfrogs
  A necrophage (D:8)
  5 scorpions
  3 hounds
  A jelly (D:6)
  Ijyb (D:4)
  3 iguanas
  4 orc wizards
  13 adders
  4 gnolls
  4 white imps
  2 ufetubi (D:5)
  3 worms (D:2)
  4 dart slugs
  45 orcs
  8 ball pythons
  2 bats
  4 endoplasms
  5 giant cockroaches
  8 goblins
  4 hobgoblins
  4 jackals (D:4)
  4 quokkas
  4 frilled lizards
  13 kobolds
  8 rats
205 creatures vanquished.

Notes
Turn   | Place    | Note
-------+----------+-------------------------------------------
     0 | D:1      | gelatine the Demonspawn Gladiator began the quest for the
                  | Orb.
     0 | D:1      | Reached XP level 1. HP: 16/16 MP: 1/1
   296 | D:1      | Reached skill level 3 in Axes
   296 | D:1      | Gained mutation: You regenerate a little health from kills.
                  | [demonic ancestry]
   296 | D:1      | Reached XP level 2. HP: 16/22 MP: 2/2
   927 | D:2      | Gained mutation: You regenerate health from kills. [demonic
                  | ancestry]
   927 | D:2      | Reached XP level 3. HP: 27/27 MP: 3/3
  1267 | D:2      | Reached skill level 1 in Armour
  1763 | D:3      | Gained mutation: You are partially covered in rugged brown
                  | scales. (AC +1, +3% HP) [demonic ancestry]
  1763 | D:3      | Reached XP level 4. HP: 26/33 MP: 4/4
  1773 | D:2      | HP: 1/33 [gnoll/+0 whip (5)]
  1873 | D:3      | Reached skill level 4 in Axes
  1989 | D:3      | Found a faded altar of an unknown god.
  2389 | D:3      | Gained mutation: You may rarely emit foul miasma when
                  | damaged in melee. [demonic ancestry]
  2389 | D:3      | Reached XP level 5. HP: 33/40 MP: 5/5
  2600 | D:3      | Found a hide-covered altar of Uskayaw.
  2600 | D:3      | Found a snail-covered altar of Cheibriados.
  2904 | D:4      | Noticed an ogre
  2915 | D:4      | Killed an ogre
  2925 | D:4      | Noticed Ijyb
  2935 | D:4      | Killed Ijyb
  2936 | D:4      | Gained mutation: You are mostly covered in rugged brown
                  | scales. (AC +2, +5% HP) [demonic ancestry]
  2936 | D:4      | Reached XP level 6. HP: 21/48 MP: 3/6
  2945 | D:4      | Reached skill level 5 in Axes
  3026 | D:4      | Reached skill level 1 in Stealth
  3144 | D:4      | Gained mutation: Your touch may inflict minor irresistible
                  | damage on your foes. [demonic ancestry]
  3144 | D:4      | Reached XP level 7. HP: 54/54 MP: 5/7
  3764 | D:5      | Entered Level 5 of the Dungeon
  3963 | D:5      | Reached skill level 6 in Axes
  4479 | D:5      | Reached XP level 8. HP: 56/63 MP: 6/8
  4819 | D:6      | Reached skill level 7 in Axes
  5317 | D:6      | Reached skill level 5 in Fighting
  5388 | D:6      | Gained mutation: Your presence sometimes corrodes those you
                  | injure. [demonic ancestry]
  5388 | D:6      | Reached XP level 9. HP: 64/71 MP: 7/9
  5619 | D:6      | Reached skill level 5 in Dodging
  6115 | D:7      | Identified the +0 pair of boots of Resourcefulness {rElec
                  | rCorr Int-4 Stlth+}
  6272 | D:7      | Reached skill level 8 in Axes
  6361 | D:7      | Gained mutation: You have large cloven feet. [potion of
                  | mutation]
  6362 | D:7      | Lost mutation: You have large cloven feet. [potion of
                  | mutation]
  6362 | D:7      | Gained mutation: You are strong-willed. (Will+) [potion of
                  | mutation]
  6363 | D:7      | Lost mutation: You are strong-willed. (Will+) [potion of
                  | mutation]
  6363 | D:7      | Gained mutation: You have a somewhat thin skeletal
                  | structure. (Dex +2, Stealth+) [potion of mutation]
  6363 | D:7      | Gained mutation: Your magical capacity is low. (-10% MP)
                  | [potion of mutation]
  6363 | D:7      | Gained mutation: You are agile. (Dex +4, Str/Int -1)
                  | [potion of mutation]
  6410 | D:7      | Found a staircase to the Ecumenical Temple.
  6413 | D:7      | You fall into a shaft and drop 1 floor!
  6417 | D:8      | Found a flagged portal.
  6418 | D:8      | Found Isuakec's Weapon Boutique.
  6424 | D:9      | Noticed a troll
  6424 | D:9      | Noticed a troll
  6425 | D:9      | Noticed a tengu warrior
  6521 | D:8      | Reached skill level 9 in Axes
  6560 | Bailey   | Entered a bailey
  6656 | Bailey   | Lost mutation: You are agile. (Dex +4, Str/Int -1) [potion
                  | of mutation]
  6656 | Bailey   | Lost mutation: You have a somewhat thin skeletal structure.
                  | (Dex +2, Stealth+) [potion of mutation]
  6656 | Bailey   | Lost mutation: Your magical capacity is low. (-10% MP)
                  | [potion of mutation]
  6656 | Bailey   | Gained mutation: Your flesh is heat resistant. (rF+)
                  | [potion of mutation]
  6656 | Bailey   | Gained mutation: You are vulnerable to cold. (rC-) [potion
                  | of mutation]
  6656 | Bailey   | Gained mutation: You are frail. (-10% HP) [potion of
                  | mutation]
  6683 | Bailey   | Reached XP level 10. HP: 72/72 MP: 7/10
  6718 | Bailey   | Noticed an orc knight
  6718 | Bailey   | Noticed an orc knight
  6769 | Bailey   | Killed an orc knight
  6815 | Bailey   | Killed an orc knight
  6816 | Bailey   | Reached skill level 1 in Evocations
  7189 | D:8      | Reached skill level 5 in Throwing
  7206 | D:8      | Reached skill level 5 in Armour
  7416 | D:8      | Found an opulent altar of Gozag.
  7420 | D:8      | Found an iron altar of Okawaru.
  7424 | D:8      | Found a sparkling altar of Nemelex Xobeh.
  7424 | D:8      | Found a basalt altar of Yredelemnul.
  7427 | D:8      | Found a shimmering altar of Xom.
  7647 | D:8      | Noticed a manticore
  7658 | D:8      | Killed a manticore
  7659 | D:8      | Reached skill level 10 in Axes
  7821 | D:8      | Paralysed by a hornet for 2 turns
  7822 | D:8      | HP: 3/73 [hornet (11)]
  7822 | D:8      | HP: 1/73 [bullfrog (2)]
  8096 | D:8      | Slain by an ice devil

Illustrated notes

Levels and vault maps discovered:
D:1:      matt_arrival_spirals, layout_basic, minmay_surrounded
D:2:      layout_basic, minmay_hedge_maze, kennysheep_generic_room_8
D:3:      layout_basic, gammafunk_temple_overflow_wave, serial_forest,
          infiniplex_forest_clump_curved, infiniplex_forest_clump_medium,
          infiniplex_forest_clump_tiny, infiniplex_forest_end_1,
          infiniplex_forest_lined_3, infiniplex_forest_side_room,
          infiniplex_forest_clump_long, hellmonk_ecumenical_altar_run_dry,
          grunt_decor_fettered, minmay_pentangle
D:4:      layout_cave_pods, hangedman_decor_peaks_small, st_stairs_10, uniq_ijyb
D:5:      minmay_chambers_of_threes, layout_basic, grunt_decor_mini_mirrors,
          columned_hall_lemuel
D:6:      layout_cave_pods
D:7:      layout_loops_ring, minmay_temple_entry_mist, due_unseen_surprise
D:8:      layout_loops_cross, minitemple, serial_shops, nicolae_take_the_stairs,
          enter_bailey_2, hellmonk_guarded_unrand_frostbite
D:9:      layout_long_grid, gammafunk_ghost_wrathful_warriors

Skill      XL: |  1  2  3  4  5  6  7  8  9 10 |
---------------+-------------------------------+-----
Axes           | 3 4 5 6 7 9 10 | 10.1
Dodging        | 3 4 5 6 |  6.2
Armour         | 1 2 3 4 5 |  5.3
Fighting       | 3 4 5 6 |  6.9
Throwing       | 2 3 4 5 |  5.1
Stealth        | 1 2 3 |  3.0
Evocations     | 1 |  1.7

Action                   |  1- 3 |  4- 6 |  7- 9 | 10-12 || total
-------------------------+-------+-------+-------+-------++-------
Melee: War axe           |   106 |   111 |   231 |   111 ||   559
       Punch             |     3 |     2 |     1 |     1 ||     7
       Touch             |       |       |    45 |    20 ||    65
Throw: Throwing net      |     1 |     6 |       |       ||     7
       Javelin           |       |     3 |    69 |     4 ||    76
       Dart              |       |       |    37 |    15 ||    52
       Boomerang         |       |       |     1 |       ||     1
Evoke: Wand              |       |       |     2 |    14 ||    16
  Use: Potion            |       |     2 |     4 |     6 ||    12
       Scroll            |       |       |    13 |     4 ||    17
 Stab: Held in net/web   |     1 |     1 |       |       ||     2
       Sleeping          |       |     2 |     4 |     1 ||     7
       Invisible         |       |       |     2 |     1 ||     3
       Paralysed         |       |       |       |     4 ||     4
Armor: Leather armour    |    29 |    31 |    61 |       ||   121
       Steam dragon scal |       |       |    29 |    45 ||    74
Dodge: Dodged            |    87 |    80 |   199 |    97 ||   463

Table legend: (Time is in decaauts)
 A = Elapsed time spent in this place.
 B = Non-inter-level travel time spent in this place.
 C = Inter-level travel time spent in this place.
 D = Time resting spent in this place.
 E = Time spent auto-exploring this place.
 F = Levels seen in this place.
 G = Mean time per level.
                   A        B        C        D        E       F      G
               +--------+--------+--------+--------+--------+-----+--------+
         Total |   8224 |   8042 |    182 |      0 |   6154 |  10 |  822.4 |
       Dungeon |   7731 |   7549 |    182 |      0 |   5880 |   9 |  859.0 |
        Bailey |    492 |    492 |      0 |      0 |    274 |   1 |  492.0 |
               +--------+--------+--------+--------+--------+-----+--------+

Top non-repeatable levels by time:
     D:6: 1276 daAuts
     D:8: 1157 daAuts
     D:5: 1061 daAuts
     D:3: 1037 daAuts
     D:2: 993 daAuts
     D:4: 915 daAuts
     D:1: 894 daAuts
  Bailey: 492 daAuts
     D:7: 354 daAuts
     D:9: 41 daAuts
